 Dungeon Sprint DCSS version 0.17.2-1-ge4368a0 (webtiles) character file.

6400 mopl the Imperceptible (level 10, -18/56 HPs)
             Began as a Spriggan Assassin on Aug 23, 2016.
             Was an Elder of Trog.
             Demolished by a spriggan defender
             ... wielding a +6 demon whip of venom
              (28 damage)
             ... in the Dungeon (Sprint IV: "Fedhas' Mad Dash").
             The game lasted 00:05:48 (1116 turns).

mopl the Imperceptible (Spriggan Assassin)          Turns: 1116, Time: 00:05:48

Health: -18/56     AC:  3    Str:  7    XL:     10   Next: 66%
Magic:  18/18      EV: 25    Int: 13    God:    Trog [****..]
Gold:   225        SH:  6    Dex: 21    Spells: 0 memorised, 9 levels left

rFire  . . .     SeeInvis +     b - +0 blowgun
rCold  . . .     Clarity  .     c - +0 robe
rNeg   . . .     SustAt   .     s - -1 buckler (curse)
rPois  .         Gourm    .     (helmet restricted)
rElec  .         Spirit   .     d - +0 cloak
rCorr  .         Warding  .     (gloves unavailable)
rMut   .         NoTele   +     (boots unavailable)
MR     +....                    (no amulet)
Stlth  +++++++++.               (no ring)
                                h - ring of invisibility

@: lethally poisoned (-18 -> -25), very quick, somewhat resistant to hostile
enchantments, incredibly stealthy
A: unfitting armour, see invisible, herbivore 3, speed 3, slow metabolism 2
a: Berserk, Trog's Hand, Brothers in Arms, Burn Spellbooks, Renounce Religion,
Evoke Invisibility


You were in the Dungeon.
You worshipped Trog.
Trog was greatly pleased with you.
You were not hungry.

You visited 1 branch You collected 238 gold pieces.
You spent 13 gold pieces at shops.

Inventory:

Hand Weapons
 a - a +2 dagger
 b - a +0 blowgun (weapon)
 g - a +2 short sword of draining
 i - a +4 antimagic rapier
Missiles
 e - 8 poisoned needles
 f - 6 curare-tipped needles (quivered)
 r - 8 poisoned tomahawks
Armour
 c - a +0 robe (worn)
 d - a +0 cloak (worn)
 s - a cursed -1 buckler (worn)
Jewellery
 h - a ring of invisibility (left hand)
Scrolls
 m - a scroll of blinking
 n - a scroll of amnesia {unknown}
Potions
 j - a potion of haste
 k - 2 potions of magic
 l - a potion of berserk rage {!q}
 o - a potion of poison {unknown}
Miscellaneous
 p - a box of beasts
Comestibles
 q - 3 royal jellies


   Skills:
 + Level 8.1 Fighting
 + Level 10.5 Short Blades
 * Level 12.4 Throwing
 + Level 8.2 Dodging
 + Level 22.0 Stealth
 + Level 1.8 Shields
 - Level 10.0 Evocations


You had 9 spell levels left.
You didn't know any spells.

Dungeon Overview and Level Annotations

Branches:
Dungeon (1/1)

Altars:
Cheibriados
Dithmenos
Elyvilon
Gozag
Kikubaaqudgha
Makhleb
Nemelex Xobeh
Okawaru
Qazlal
Ru
Sif Muna
Trog
Vehumet
Xom
Yredelemnul
Zin
The Shining One
Beogh
Jiyva
Lugonu

Shops:
D (=!}(*[=


Innate Abilities, Weirdness & Mutations

You are tiny and cannot use many weapons and most armour.
You have supernaturally acute eyesight.
You are a herbivore.
You cover ground extremely quickly.
You need consume almost no food.


Message History

Aim: a spriggan defender, wielding a demon whip of venom, wearing a robe and wearing a buckler (moderately wounded)
You shoot a curare-tipped needle.
The curare-tipped needle misses the spriggan defender.
You feel sick.
Unknown command.
Firing (i - inventory. (,) - cycle):
f - 8 curare-tipped needles (quivered)
Press: ? - help, Shift-Dir - straight line, f/p - spriggan defender
Aim: a spriggan defender, wielding a demon whip of venom, wearing a robe and wearing a buckler (moderately wounded)
You shoot a curare-tipped needle.
The curare-tipped needle closely misses the spriggan defender.
Unknown command.
Firing (i - inventory. (,) - cycle):
f - 7 curare-tipped needles (quivered)
Press: ? - help, Shift-Dir - straight line, f/p - spriggan defender
Aim: a spriggan defender, wielding a demon whip of venom, wearing a robe and wearing a buckler (moderately wounded)
You shoot a curare-tipped needle.
The spriggan defender blocks the curare-tipped needle.
You feel sick.
The spriggan defender hits you with a demon whip of venom!!
Ouch! That really hurt!
You die...

._._._._._._#..###'##...##∩#..###
_._._._._._.#..##∩∩.'...#####..).
⌠...._....⌠.#################...∩
#################......###....)♣.
♣♣♣♣..♣.###.).)'......('.'..)♣..∩
....♣..♣##..#.)#.P.....##########
.♣♣♣.♣).###.##'##.P....#
♣..♣...♣'...#♣.♣########
#############...@.####
#..♣..♣i.O.###
#...♣......♣...♣###
......♣.....∩.∩...§#
####################


You could see a spriggan defender and a friendly ogre (berserk).

Vanquished Creatures
  Agnes (D)
  A spriggan druid (D)
  6 oklob plants (D)
  A demonic crawler (D)
  A queen bee (D)
  3 burning bushes (D)
  3 wandering mushrooms (D)
  A wasp (D)
  2 scorpions (D)
  4 killer bees (D)
  A worker ant (D)
  5 oklob saplings (D)
  5 spriggans (D)
  A river rat (D)
  A rat (D)
  A ballistomycete (D)
  A giant spore (D)
38 creatures vanquished.

Vanquished Creatures (collateral kills)
  A spriggan berserker (D)
1 creature vanquished.

Vanquished Creatures (others)
  A ballistomycete (D)
1 creature vanquished.

Grand Total: 40 creatures vanquished

Notes
Turn   | Place    | Note
--------------------------------------------------------------
     0 | D        | mopl the Spriggan Assassin began the quest for the Orb.
     0 | D        | Reached XP level 1. HP: 10/10 MP: 2/2
     8 | D        | Reached skill level 3 in Throwing
     8 | D        | Reached skill level 7 in Stealth
     8 | D        | Reached XP level 2. HP: 14/14 MP: 3/3
     9 | D        | Reached skill level 8 in Stealth
    13 | D        | Noticed an oklob sapling
    14 | D        | Killed an oklob sapling
    14 | D        | Reached skill level 4 in Throwing
    14 | D        | Reached skill level 10 in Stealth
    14 | D        | Reached XP level 3. HP: 18/18 MP: 4/4
    16 | D        | Noticed a worker ant
    31 | D        | Killed a worker ant
    31 | D        | Reached skill level 11 in Stealth
    53 | D        | Found a snail-covered altar of Cheibriados.
    53 | D        | Found a glowing silver altar of Zin.
    53 | D        | Found a white marble altar of Elyvilon.
    53 | D        | Found a viscous altar of Jiyva.
    53 | D        | Found a radiant altar of Vehumet.
    53 | D        | Found a deep blue altar of Sif Muna.
    53 | D        | Found an ancient bone altar of Kikubaaqudgha.
    53 | D        | Found a bloodstained altar of Trog.
    53 | D        | Found a corrupted altar of Lugonu.
    53 | D        | Noticed an oklob sapling priest
    54 | D        | Found a burning altar of Makhleb.
    54 | D        | Found a sacrificial altar of Ru.
    55 | D        | Found a glowing golden altar of the Shining One.
    55 | D        | Found a sparkling altar of Nemelex Xobeh.
    56 | D        | Found a shadowy altar of Dithmenos.
    57 | D        | Found a shimmering altar of Xom.
    57 | D        | Found an iron altar of Okawaru.
    58 | D        | Found an opulent altar of Gozag.
    59 | D        | Became a worshipper of Trog the Wrathful
    60 | D        | Found a roughly hewn altar of Beogh.
    60 | D        | Found a basalt altar of Yredelemnul.
    61 | D        | Killed an oklob sapling priest
    61 | D        | Reached skill level 5 in Throwing
    61 | D        | Reached skill level 12 in Stealth
    61 | D        | Reached XP level 4. HP: 18/22 MP: 2/5
    62 | D        | Found a stormy altar of Qazlal.
    70 | D        | Noticed an oklob sapling wizard
    73 | D        | Killed an oklob sapling wizard
    73 | D        | Reached skill level 6 in Throwing
    73 | D        | Reached skill level 13 in Stealth
    73 | D        | Reached XP level 5. HP: 21/25 MP: 3/6
    83 | D        | Noticed a scorpion
    85 | D        | Reached skill level 14 in Stealth
    86 | D        | Killed a scorpion
    86 | D        | Reached * piety under Trog
    86 | D        | Reached skill level 7 in Throwing
    86 | D        | Reached skill level 15 in Stealth
    88 | D        | Reached skill level 1 in Evocations
    97 | D        | Found Munucwye's Jewellery Shop.
    97 | D        | Found Sorif's Weapon Emporium.
   156 | D        | Noticed a burning bush
   156 | D        | Noticed a wandering mushroom
   157 | D        | Noticed a scorpion
   157 | D        | Noticed a wandering mushroom
   160 | D        | Killed a burning bush
   160 | D        | Reached skill level 3 in Fighting
   160 | D        | Reached skill level 4 in Short Blades
   160 | D        | Reached skill level 16 in Stealth
   160 | D        | Reached skill level 4 in Evocations
   160 | D        | Reached XP level 6. HP: 29/32 MP: 4/10
   161 | D        | Killed a wandering mushroom
   161 | D        | Reached skill level 5 in Short Blades
   161 | D        | Reached skill level 8 in Throwing
   161 | D        | Reached skill level 17 in Stealth
   161 | D        | Reached skill level 5 in Evocations
   161 | D        | Reached XP level 7. HP: 32/37 MP: 4/12
   162 | D        | Killed a wandering mushroom
   162 | D        | Reached skill level 4 in Fighting
   162 | D        | Reached skill level 6 in Evocations
   164 | D        | Killed a scorpion
   164 | D        | Reached skill level 18 in Stealth
   169 | D        | Found Fyr Inu's Weapon Shoppe.
   170 | D        | Found Yrphaiqo's General Store.
   175 | D        | Bought a scroll of random uselessness for 13 gold pieces
   290 | D        | Noticed an oklob sapling
   293 | D        | Killed an oklob sapling
   293 | D        | Reached skill level 6 in Short Blades
   299 | D        | Noticed a queen bee
   299 | D        | Noticed a killer bee
   300 | D        | Noticed a killer bee
   303 | D        | Noticed a killer bee
   303 | D        | Noticed a killer bee
   306 | D        | Killed a queen bee
   306 | D        | Reached ** piety under Trog
   306 | D        | Reached skill level 9 in Throwing
   306 | D        | Reached skill level 7 in Evocations
   306 | D        | Reached XP level 8. HP: 42/42 MP: 11/14
   307 | D        | Killed a killer bee
   308 | D        | Killed a killer bee
   310 | D        | Killed a killer bee
   310 | D        | Reached *** piety under Trog
   310 | D        | Reached skill level 5 in Fighting
   311 | D        | Killed a killer bee
   313 | D        | Noticed an oklob plant
   316 | D        | Killed an oklob plant
   316 | D        | Reached skill level 7 in Short Blades
   316 | D        | Reached skill level 19 in Stealth
   316 | D        | Reached skill level 8 in Evocations
   324 | D        | Noticed a burning bush
   343 | D        | Killed a burning bush
   343 | D        | Reached XP level 9. HP: 48/48 MP: 14/16
   488 | D        | Noticed a burning bush
   488 | D        | Noticed an oklob plant
   489 | D        | Noticed an oklob sapling
   489 | D        | Noticed a wandering mushroom
   490 | D        | Killed a burning bush
   490 | D        | Reached skill level 6 in Fighting
   490 | D        | Reached skill level 9 in Evocations
   495 | D        | Killed an oklob plant
   495 | D        | Reached skill level 8 in Short Blades
   495 | D        | Reached skill level 10 in Throwing
   495 | D        | Reached skill level 20 in Stealth
   497 | D        | Killed an oklob sapling
   499 | D        | Killed a wandering mushroom
   499 | D        | Reached skill level 10 in Evocations
   511 | D        | Noticed a spriggan druid
   512 | D        | Killed a spriggan druid
   512 | D        | Reached skill level 9 in Short Blades
   512 | D        | Reached skill level 3 in Dodging
   512 | D        | Reached skill level 21 in Stealth
   548 | D        | Noticed an oklob plant conjurer
   549 | D        | Killed an oklob plant conjurer
   549 | D        | Reached **** piety under Trog
   549 | D        | Reached skill level 7 in Fighting
   549 | D        | Reached skill level 4 in Dodging
   550 | D        | Received a gift from Trog
   680 | D        | Noticed an oklob plant
   680 | D        | Noticed an oklob plant summoner
   681 | D        | Noticed an oklob plant shifter
   686 | D        | Killed an oklob plant
   686 | D        | Reached skill level 11 in Throwing
   686 | D        | Reached skill level 5 in Dodging
   686 | D        | Reached XP level 10. HP: 55/55 MP: 16/18
   688 | D        | Killed an oklob plant summoner
   691 | D        | Killed an oklob plant shifter
   691 | D        | Reached skill level 6 in Dodging
   699 | D        | Noticed a demonic crawler
   702 | D        | Killed a demonic crawler
   702 | D        | Reached ***** piety under Trog
   702 | D        | Received a gift from Trog
   706 | D        | Noticed a spriggan rider
   706 | D        | Noticed a spriggan
   706 | D        | Noticed a spriggan
   707 | D        | Killed a spriggan
   708 | D        | Killed a spriggan
   708 | D        | Reached skill level 10 in Short Blades
   709 | D        | Killed a spriggan
   709 | D        | Reached skill level 7 in Dodging
   710 | D        | Killed a wasp
   711 | D        | Found Pitwibes's Armour Emporium.
   716 | D        | Found Niheir's Jewellery Shoppe.
   799 | D        | Noticed Agnes
   801 | D        | Found Nyrhep's Distillery.
   801 | D        | Noticed a spriggan berserker
   803 | D        | Found Xerphuops's Gadget Shoppe.
   817 | D        | Killed Agnes
   817 | D        | Received a gift from Trog
   817 | D        | Reached skill level 8 in Fighting
   817 | D        | Reached skill level 12 in Throwing
   817 | D        | Reached skill level 8 in Dodging
   817 | D        | Reached skill level 1 in Shields
   824 | D        | Killed a spriggan berserker
   824 | D        | Received a gift from Trog
   824 | D        | Reached skill level 22 in Stealth
  1099 | D        | Noticed a spriggan defender
  1116 | D        | Demolished by a spriggan defender

Action                   |  1- 3 |  4- 6 |  7- 9 | 10-12 || total
-------------------------+-------+-------+-------+-------++-------
Melee: Dagger            |    15 |     6 |    32 |    15 ||    68
 Fire: Blowgun           |     1 |       |       |     7 ||     8
Throw: Tomahawk          |       |       |       |     1 ||     1
Invok: Berserk           |       |       |     1 |     1 ||     2
       Burn Spellbooks   |       |       |     1 |     1 ||     2
       Brothers in Arms  |       |       |       |     3 ||     3
 Abil: Evoke Invisibilit |     1 |     1 |     3 |     1 ||     6
  Use: Potion            |     1 |       |       |     1 ||     2
 Stab: Sleeping          |     3 |     6 |    15 |     5 ||    29
       Invisible         |       |       |     1 |     1 ||     2
       Confused          |       |       |       |     1 ||     1
  Eat: Bread ration      |       |       |     1 |       ||     1
